AoeStats
← gifted

African Clearing

510488510Analyzed
3v3 RM · 19h ago on Oct 1, 2026· 71m 27s· 6 players
Game mode
Random Map
Map size
Normal (6 player)
Population
200
Speed
Normal
Resources
Standard
Victory
Conquest
Starting age
Dark Age
Ending age
Imperial Age
RankedLock teamsTeams togetherTeam positionsShared explorationLock speedFull tech treeHidden civsTurbo modeCheats
Victory
Defeat
🇮🇹 Varangians · Italy
1498
+13
🇧🇪 Huns · Belgium
1461
+15
🇦🇺 Slavs · Australia
1340
+20
🇨🇳 Turks · China
1549
-20
🇨🇳 Berbers · China
1470
-18
🇨🇳 Magyars · China
1274
-10
农夫累
11:32 Loom
13:18 Feudal Age
14:29 Double-Bit Axe
17:34 Castle Age
18:56 Bow Saw
22:54 Fletching
24:56 Bodkin Arrow
25:28 Padded Archer Armor
25:55 Ballistics
31:31 Town Watch
32:22 Wheelbarrow
32:20 Bloodlines
32:10 Husbandry
37:03 Imperial Age
36:17 Thumb Ring
36:30 Leather Archer Armor
37:49 Bracer
38:53 Chemistry
38:55 Gold Mining
38:56 Stone Mining
39:28 Conscription
39:09 Kasbah
39:02 Elite Camel Archer
40:56 Ring Archer Armor
41:45 Hand Cart
41:18 Horse Collar
43:51 Maghrebi Camels
47:10 Hoardings
46:47 Masonry
48:58 Heavy Plow
53:44 Heavy Camel Rider
55:35 Scale Barding Armor
57:22 Chain Barding Armor
58:11 Forging
59:50 Plate Barding Armor
59:24 Murder Holes
62:31 Gold Shaft Mining
62:32 Stone Shaft Mining
62:50 Iron Casting
64:04 Light Cavalry
64:45 Hussar
Bz_
9:29 Loom
11:58 Feudal Age
10:14 Loom
12:58 Double-Bit Axe
18:18 Scale Barding Armor
46:13 Horse Collar
49:50 Castle Age
49:12 Bloodlines
49:57 Forging
67:52 Heavy Plow
XZ
3:10 Loom
12:05 Feudal Age
20:01 Double-Bit Axe
26:25 Castle Age
24:45 Stone Mining
27:43 Bow Saw
29:08 Light Cavalry
31:58 Fletching
42:09 Horse Collar
50:27 Wheelbarrow
50:33 Scale Barding Armor
51:20 Husbandry
51:40 Bloodlines
52:09 Heavy Plow
52:35 Gold Mining
56:07 Imperial Age
54:56 Chain Barding Armor
55:29 Corvinian Army
57:50 Two-Man Saw
57:29 Plate Barding Armor
56:49 Bodkin Arrow
57:32 Conscription
63:16 Hussar
63:28 Elite Magyar Huszar
64:59 Hand Cart
Boyser
8:30 Loom
11:43 Feudal Age
12:22 Double-Bit Axe
14:56 Forging
19:28 Bloodlines
23:20 Castle Age
21:29 Fletching
24:07 Bodkin Arrow
24:46 Horse Collar
25:33 Padded Archer Armor
26:07 Ballistics
27:18 Scale Barding Armor
31:17 Husbandry
31:24 Thumb Ring
32:42 Wheelbarrow
31:52 Town Watch
36:58 Chain Barding Armor
39:46 Hand Cart
39:33 Town Patrol
44:22 Imperial Age
41:39 Elite Skirmisher
45:44 Bracer
48:05 Chemistry
51:05 Leather Archer Armor
53:20 Bow Saw
54:15 Parthian Tactics
56:39 Plate Barding Armor
56:36 Heavy Cavalry Archer
57:00 Light Cavalry
61:10 Hussar
62:26 Iron Casting
64:19 Blast Furnace
GdR_Tuna
6:01 Loom
11:57 Feudal Age
12:53 Double-Bit Axe
15:11 Bloodlines
15:57 Forging
21:25 Castle Age
21:45 Scale Barding Armor
22:46 Bow Saw
25:23 Fletching
31:49 Wheelbarrow
31:58 Wheelbarrow
35:29 Hand Cart
42:16 Imperial Age
42:33 Imperial Age
40:28 Gold Mining
40:29 Stone Mining
42:52 Padded Archer Armor
42:36 Elite Jarl
43:58 Conscription
44:44 Leather Archer Armor
44:50 Chain Barding Armor
44:38 Bodkin Arrow
47:25 Ring Archer Armor
47:59 Elite Skirmisher
50:21 Two-Man Saw
49:32 Town Watch
52:20 Bracer
53:22 Chemistry
52:42 Ballistics
55:42 Pikeman
56:45 Halberdier
57:57 Scale Mail Armor
61:26 Squires
62:03 Capped Ram
63:44 Chain Mail Armor
64:04 Iron Casting
66:33 Siege Ram
68:08 Masonry
68:32 Plate Mail Armor
69:58 Blast Furnace
gifted
5:22 Loom
14:17 Feudal Age
14:43 Horse Collar
14:59 Double-Bit Axe
21:53 Castle Age
27:55 Bow Saw
32:45 Wheelbarrow
32:03 Gold Mining
32:22 Heavy Plow
33:48 Demolition Ship
37:00 Hand Cart
38:32 Gold Shaft Mining
42:52 Imperial Age
42:01 Forging
41:56 Scale Barding Armor
42:59 Bloodlines
42:52 Husbandry
43:50 Iron Casting
42:56 Cavalier
44:10 Chain Barding Armor
45:28 Conscription
46:26 Blast Furnace
46:04 Plate Barding Armor
53:52 Fletching
53:25 Light Cavalry
56:24 Detinets
56:27 Bodkin Arrow
58:54 Stone Mining
60:34 Crop Rotation
59:25 Hussar
62:11 Elite Boyar
64:20 Hoardings
66:09 Scale Mail Armor
67:39 Chain Mail Armor
68:58 Plate Mail Armor
Connection lost

Rejoining the realm…

Still unreachable

The connection could not be restored.

Session expired

The server has moved on; the page needs a fresh start.